 Dungeon Crawl Stone Soup version 0.27-a0-46-g34d46f0a3f (webtiles) character file.

Game seed: 15237795631026787984

401 Borgoz the Ruffian (level 6, -5/55 HPs)
             Began as a Ghoul Gladiator on Jan 6, 2021.
             Slain by an orc priest
             ... wielding a +0 flail
              (6 damage)
             ... on level 4 of the Dungeon.
             The game lasted 00:04:56 (3966 turns).

Borgoz the Ruffian (Ghoul Gladiator)                Turns: 3966, Time: 00:04:57

Health: -5/55      AC:  6    Str: 19    XL:     6   Next: 85%
Magic:  0/5        EV: 13    Int:  3    God:
Gold:   177        SH:  0    Dex: 11    Spells: 5/5 levels left

rFire    . . .     SeeInvis .     - Unarmed
rCold    + . .     Faith    .   (no shield)
rNeg     + + +     Spirit   +   a - +0 leather armour
rPois    ∞         Reflect  .   b - +1 helmet
rElec    .         Harm     .   d - +0 cloak
rCorr    .         Rampage  .   (no gloves)
Will     .....                  (no boots)
Stlth    +.........             g - amulet of guardian spirit
HPRegen  0.00/turn              (no ring)
MPRegen  0.09/turn              (no ring)

@: very slightly contaminated, invisible
A: claws 1, cold resistance 1, negative energy resistance 3, inhibited
regeneration, torment resistance, unbreathing
a: no special abilities


You were on level 4 of the Dungeon.
You visited 1 branch of the dungeon, and saw 4 of its levels.

You collected 177 gold pieces.

Inventory:

Missiles
 c - 4 throwing nets (quivered)
Armour
 a - a +0 leather armour (worn)
 b - a +1 helmet (worn)
 d - a +0 cloak (worn)
Jewellery
 g - an amulet of guardian spirit (around neck)
 i - an uncursed ring of ice
 j - an uncursed ring of stealth
Scrolls
 f - a scroll of enchant armour
 h - a scroll of identify


   Skills:
 + Level 4.8 Fighting
 - Level 1.7 Throwing
 + Level 4.5 Dodging
 + Level 5.3 Unarmed Combat


You had 5 spell levels left.
You didn't know any spells.
Your spell library was empty.

Dungeon Overview and Level Annotations

Branches:
Dungeon (4/15)
 Temple: D:4-7

Altars:
Ashenzari
Dithmenos
Ru
Trog
The Shining One

Annotations:
D:3 2 transporters, FortyThree's ghost, amateur DsGl
D:4 Edmund


Innate Abilities, Weirdness & Mutations

You thrive by killing the living.
You are immune to poison.
You have sharp fingernails.
Your flesh is cold resistant. (rC+)
You are immune to negative energy. (rN+++)
You do not regenerate when monsters are visible.
You are immune to unholy pain and torment.
You can survive without breathing.


Message History

* * * LOW HITPOINT WARNING * * *
The adder skeleton misses you.
The centaur zombie completely misses you.
The centaur zombie closely misses you.
An orc comes into view. It is wielding a -2 hand axe.
An orc priest comes into view. It is wielding a +0 flail.
Edmund gives up.
The adder skeleton bites you.
* * * LOW HITPOINT WARNING * * *
Okay, then.
An orc and 2 orc priests come into view.
The orc shouts!
The orc priest shouts!
The orc priest moves out of view.
The orc priest shouts! x2; You hear a shout!
The orc priest shouts!
The orc priest closely misses you. The orc misses you.
You scratch the orc priest but do no damage.
The adder skeleton bites you but does no damage.
The orc priest hits you with a +0 flail!
You die...

#.888.......
#....8.....# #..P......#
#.......# ##.(...#### #
#Z........###.##
##.........@h...#
...#####ZZ#####.........
#..oooo@### ##........
####..o## ##.........
##.. ##.......... #.#
##........... #.
#............ .#
#............ #.
##...§.§..... #.
########..........
.....P§§§§§§......


You could see 3 orc priests, 2 orcs, a hound zombie (wandering), a centaur
zombie and an adder skeleton.

Vanquished Creatures
  An ogre (D:3)
  A bullfrog skeleton (D:4)
  Jessica (D:2)
  An iguana (D:4)
  An orc wizard (D:3)
  A howler monkey zombie (D:4)
  8 gnolls
  An adder (D:2)
  An ooze (D:1)
  5 worms
  2 dart slugs
  3 leopard geckos
  7 orcs
  6 giant cockroaches
  7 goblins
  11 hobgoblins
  2 ball pythons
  13 bats
  5 frilled lizards
  8 kobolds
  A quokka zombie (D:4)
  8 rats
94 creatures vanquished.

Vanquished Creatures (others)
  A withered plant (D:4)
1 creature vanquished.

Grand Total: 95 creatures vanquished

Notes
Turn   | Place    | Note
-------+----------+-------------------------------------------
     0 | D:1      | Borgoz the Ghoul Gladiator began the quest for the Orb.
     0 | D:1      | Reached XP level 1. HP: 17/17 MP: 0/0
   149 | D:1      | Reached XP level 2. HP: 25/25 MP: 1/1
   403 | D:1      | Reached XP level 3. HP: 25/30 MP: 2/2
  1359 | D:2      | Noticed Jessica
  1380 | D:2      | Killed Jessica
  1381 | D:2      | Reached skill level 4 in Unarmed Combat
  1381 | D:2      | Reached XP level 4. HP: 31/38 MP: 3/3
  1548 | D:2      | Found a faded altar of an unknown god.
  1653 | D:3      | Reached XP level 5. HP: 41/46 MP: 4/4
  1908 | D:3      | Found a bloodstained altar of Trog.
  1912 | D:3      | Noticed an ogre
  1925 | D:3      | Killed an ogre
  1926 | D:3      | Reached XP level 6. HP: 16/52 MP: 5/5
  2233 | D:3      | Found a transporter.
  2235 | D:3      | Noticed FortyThree's ghost (amateur DsGl)
  2248 | D:3      | Found a transporter.
  2320 | D:3      | Found a broken altar of Ashenzari.
  2363 | D:3      | Reached skill level 5 in Unarmed Combat
  2946 | D:2      | Found a sacrificial altar of Ru.
  3108 | D:3      | Found a glowing golden altar of the Shining One.
  3524 | D:2      | Found a shadowy altar of Dithmenos.
  3922 | D:4      | Noticed Edmund
  3958 | D:4      | HP: 2/55 [centaur zombie (4)]
  3966 | D:4      | Slain by an orc priest

Illustrated notes

Levels and vault maps discovered:
D:1:      lightli_arrival_flooded_house, layout_rooms
D:2:      minmay_recursive_quarters, layout_rooms,
          nicolae_overflow_hidden_temple, overflow_temple_1_default,
          chequers_ecumenical_altar_island, uniq_jessica
D:3:      layout_basic, old_standard_altar, lemuel_round_altar,
          gammafunk_ghost_stat_death, nicolae_tso_swordbearing_angel
D:4:      layout_cave_pods, overflow_temple_1_default,
          makhleb_altar_promises_db, tgw_sif, nicolae_ossuary_entry_giza,
          serial_shops, kennysheep_mini, serial_undead, serial_undead_c,
          serial_undead_a, serial_undead_b, serial_undead_d, serial_undead_f,
          serial_undead_c, serial_undead_e, serial_undead_d, serial_undead_c,
          serial_undead_b, grunt_ministairs_4, uniq_pikel, uniq_edmund,
          uniq_duvessa

Skill      XL: |  1  2  3  4  5  6 |
---------------+-------------------+-----
Dodging        | 3 4 |  4.5
Fighting       | 3 4 |  4.8
Unarmed Combat | 4 5 |  5.3
Throwing       | |  1.7

Action                   |  1- 3 |  4- 6 || total
-------------------------+-------+-------++-------
Melee: Unarmed           |   105 |   263 ||   368
       Punch             |     1 |     9 ||    10
Throw: Throwing net      |       |     2 ||     2
  Use: Scroll            |     4 |     6 ||    10
       Potion            |       |     5 ||     5
 Stab: Held in net/web   |       |     2 ||     2
       Invisible         |       |     2 ||     2
Armor: Leather armour    |    47 |    75 ||   122
Dodge: Dodged            |    99 |   221 ||   320

Table legend: (Time is in decaauts)
 A = Elapsed time spent in this place.
 B = Non-inter-level travel time spent in this place.
 C = Inter-level travel time spent in this place.
 D = Time resting spent in this place.
 E = Time spent auto-exploring this place.
 F = Levels seen in this place.
 G = Mean time per level.
                   A        B        C        D        E       F      G
               +--------+--------+--------+--------+--------+-----+--------+
         Total |   3949 |   3705 |    244 |   1398 |   1625 |   4 |  987.2 |
       Dungeon |   3949 |   3705 |    244 |   1398 |   1625 |   4 |  987.2 |
               +--------+--------+--------+--------+--------+-----+--------+

Top non-repeatable levels by time:
     D:3: 1717 daAuts
     D:1: 1274 daAuts
     D:2: 879 daAuts
     D:4: 76 daAuts
